[Event "ICC tourney 2552 (3 2)"]
[Site "Internet Chess Club"]
[Date "2021.05.07"]
[Round "2"]
[White "YAO, JASON:K06-30017543"]
[Black "SINGEETHAM, VYASARAJ:K03-17011358"]
[Result "0-1"]
[ICCResult "White forfeits on time"]
[WhiteElo "1400"]
[BlackElo "1400"]
[Opening "Giuoco Pianissimo: Italian four knights variation"]
[ECO "C23"]
[NIC "IG.04"]
[Time "18:30:07"]
[PlyCount "42"]
[TimeControl "180+2"]

1. e4 e5 2. Bc4 Nc6 3. Nc3 Bc5 4. Nf3 Nf6 5. d3 h6 6. O-O O-O 7. Nd5 Nxd5
8. Bxd5 Re8 9. Qd2 d6 10. h3 Ne7 11. Bc4 a6 12. b3 b5 13. Bd5 c6 14. Bxc6
Nxc6 15. Bb2 Bb4 16. Qe2 Re6 17. a3 Bc5 18. b4 Bb6 19. Rfd1 Rg6 20. Kf1 Nd4
21. Nxd4 exd4 { White forfeits on time } 0-1

[Event "ICC tourney 2552 (3 2)"]
[Site "Internet Chess Club"]
[Date "2021.05.07"]
[Round "2"]
[White "WANG, ETHAN:K03-30117638"]
[Black "DHARMA, ADITYA:K03-30171155"]
[Result "1-0"]
[ICCResult "Black checkmated"]
[WhiteElo "1400"]
[BlackElo "1262"]
[Opening "Queen's pawn game, Chigorin variation"]
[ECO "D02"]
[NIC "QP.08"]
[Time "18:29:02"]
[PlyCount "89"]
[TimeControl "180+2"]

1. d4 d5 2. Nf3 Nc6 3. e3 Bf5 4. Bd3 Bxd3 5. Qxd3 Qd7 6. a3 O-O-O 7. Nbd2
e6 8. b3 Nf6 9. Bb2 g6 10. O-O Bg7 11. Ne5 Nxe5 12. dxe5 Ne4 13. Nxe4 dxe4
14. Qxd7+ Rxd7 15. Rad1 Rxd1 16. Rxd1 Rd8 17. Rxd8+ Kxd8 18. a4 Kd7 19. f4
Ke7 20. g3 f6 21. exf6+ Bxf6 22. Bxf6+ Kxf6 23. g4 h6 24. Kf2 g5 25. Kg3
gxf4+ 26. exf4 e5 27. h4 b6 28. h5 a5 29. c4 c6 30. f5 Kg5 31. Kh3 Kf4 32.
f6 e3 33. f7 e2 34. f8=Q+ Ke4 35. Qf2 Kd3 36. Qe1 Ke3 37. g5 hxg5 38. h6 b5
39. axb5 cxb5 40. cxb5 a4 41. bxa4 g4+ 42. Kxg4 e4 43. h7 Kd3 44. h8=Q Ke3
45. Qhc3# { Black checkmated } 1-0

[Event "ICC tourney 2552 (3 2)"]
[Site "Internet Chess Club"]
[Date "2021.05.07"]
[Round "2"]
[White "LIN, CARL:K01-17110834"]
[Black "SHETTY, DARSH:K05-16728985"]
[Result "0-1"]
[ICCResult "White resigns"]
[WhiteElo "1400"]
[BlackElo "1400"]
[Opening "Giuoco Piano"]
[ECO "C54"]
[NIC "IG.02"]
[Time "18:29:26"]
[PlyCount "106"]
[TimeControl "180+2"]

1. e4 e5 2. Nf3 Nc6 3. Bc4 Bc5 4. c3 Nf6 5. d4 exd4 6. cxd4 Bb4+ 7. Bd2
Bxd2+ 8. Nbxd2 d5 9. exd5 Nxd5 10. O-O O-O 11. Re1 Nb6 12. Bb3 Nxd4 13.
Nxd4 Qxd4 14. Rb1 Rd8 15. h3 Bf5 16. Ne4 Bxe4 17. Qg4 Bxb1 18. Re8+ Rxe8
19. Qxd4 Rad8 20. Qf4 Bg6 21. g4 Re4 22. Qf3 Re1+ 23. Kh2 Rd2 24. Qf4 Ree2
25. Kg3 Rxf2 26. Qe3 Rde2 27. Qxf2 Rxf2 28. Kxf2 Kf8 29. Ke3 Ke7 30. h4 h5
31. g5 f6 32. gxf6+ Kxf6 33. Kf4 Nd7 34. Bd5 c6 35. Bf3 Ne5 36. Be2 Nd3+
37. Bxd3 Bxd3 38. Ke3 Bb1 39. a3 g5 40. hxg5+ Kxg5 41. Kf3 h4 42. Kg2 Kg4
43. Kh2 Be4 44. b4 h3 45. a4 b6 46. b5 c5 47. Kg1 Kg3 48. a5 c4 49. axb6
axb6 50. Kf1 c3 51. Ke1 h2 52. Kd1 h1=Q+ 53. Ke2 c2 { White resigns } 0-1

[Event "ICC tourney 2552 (3 2)"]
[Site "Internet Chess Club"]
[Date "2021.05.07"]
[Round "2"]
[White "VOLOSHIN, VANYA:K03-30120361"]
[Black "DOPPALAPUDI, ADITH:K05-16534365"]
[Result "0-1"]
[ICCResult "White forfeits on time"]
[WhiteElo "1400"]
[BlackElo "1457"]
[Opening "two knights defense: Wilkes Barre (Traxler) variation"]
[ECO "C57"]
[NIC "KP.01"]
[Time "18:29:31"]
[PlyCount "26"]
[TimeControl "180+2"]

1. e4 e5 2. Nf3 Nc6 3. Bc4 Nf6 4. Ng5 Bc5 5. Bxf7+ Kf8 6. Bc4 d5 7. exd5
Nxd5 8. Nf3 Nf4 9. O-O Qf6 10. d3 g5 11. Re1 Nd4 12. Nxe5 Nb3 13. Bxb3
Bxf2+ { White forfeits on time } 0-1

[Event "ICC tourney 2552 (3 2)"]
[Site "Internet Chess Club"]
[Date "2021.05.07"]
[Round "2"]
[White "MANIMARAN, SHIVANI:K05-16614018"]
[Black "MANSUROV, UMAR:K01-17128190"]
[Result "0-1"]
[ICCResult "White forfeits on time"]
[WhiteElo "1400"]
[BlackElo "1400"]
[Opening "Caro-Kann defense"]
[ECO "B10"]
[NIC "CK.01"]
[Time "18:30:02"]
[PlyCount "52"]
[TimeControl "180+2"]

1. e4 c6 2. Nf3 d5 3. e5 Bg4 4. d4 e6 5. h3 Bh5 6. g4 Bg6 7. h4 Be4 8. Bd3
Bxd3 9. Qxd3 Nd7 10. Nc3 c5 11. Bg5 Be7 12. Bxe7 Nxe7 13. dxc5 Nc6 14. Qe3
Qa5 15. O-O Qxc5 16. Qxc5 Nxc5 17. Nb5 O-O 18. Nc3 Rad8 19. Rad1 a6 20. a3
b5 21. b4 Nd7 22. Rd2 Ndxe5 23. Nxe5 Nxe5 24. Re2 Nxg4 25. f3 Nf6 26. f4
Rc8 { White forfeits on time } 0-1

[Event "ICC tourney 2552 (3 2)"]
[Site "Internet Chess Club"]
[Date "2021.05.07"]
[Round "2"]
[White "CONWAY, RANSOM:K03-30165293"]
[Black "DEA YULIANTO, AGNES:K01-30157253"]
[Result "1-0"]
[ICCResult "Black forfeits on time"]
[WhiteElo "1400"]
[BlackElo "1087"]
[Opening "French defense"]
[ECO "C00"]
[NIC "FR.01"]
[Time "18:29:04"]
[PlyCount "47"]
[TimeControl "180+2"]

1. e4 e6 2. Nf3 d5 3. exd5 exd5 4. d4 Nc6 5. Bb5 Bg4 6. h3 Bh5 7. Be3 Qf6
8. Bxc6+ Qxc6 9. Nc3 O-O-O 10. Qe2 Bb4 11. Bd2 Qg6 12. O-O-O Qxg2 13. Rdg1
Qxf3 14. Qxf3 Bxf3 15. Rh2 Nf6 16. Rg3 Nh5 17. Rxf3 Bd6 18. Rg2 Rhe8 19.
Kb1 Bb4 20. a3 Bxc3 21. Bxc3 Nf6 22. Rxg7 Ne4 23. Rfxf7 Nxc3+ 24. bxc3 {
Black forfeits on time } 1-0

[Event "ICC tourney 2552 (3 2)"]
[Site "Internet Chess Club"]
[Date "2021.05.07"]
[Round "2"]
[White "WU, DARREN:K01-30136086"]
[Black "VALISEKKAGARI, SAICHARAN:K06-16250885"]
[Result "0-1"]
[ICCResult "White forfeits on time"]
[WhiteElo "1400"]
[BlackElo "1400"]
[Opening "King's Indian defense, 3.Nc3"]
[ECO "E90"]
[NIC "KI.21"]
[Time "18:29:38"]
[PlyCount "46"]
[TimeControl "180+2"]

1. d4 Nf6 2. c4 g6 3. Nc3 Bg7 4. Nf3 O-O 5. e4 d6 6. Bd3 Bg4 7. O-O Nbd7 8.
h3 Bxf3 9. Qxf3 e5 10. d5 Nc5 11. Be2 Nfd7 12. Be3 f5 13. Bxc5 Nxc5 14. Qe3
Nd7 15. Qd2 Qf6 16. Bf3 f4 17. Bg4 Rad8 18. Qe2 Nc5 19. Qf3 h5 20. Be6+
Nxe6 21. dxe6 Qxe6 22. Nd5 c6 23. Nc3 Qxc4 { White forfeits on time } 0-1

[Event "ICC tourney 2552 (3 2)"]
[Site "Internet Chess Club"]
[Date "2021.05.07"]
[Round "2"]
[White "HIRIYUR CHETHAN, NISCHITH:K06-30157135"]
[Black "ARUTLA, ADITYA:K05-16207801"]
[Result "1-0"]
[ICCResult "Black forfeits on time"]
[WhiteElo "1400"]
[BlackElo "1400"]
[Opening "French: Winawer, advance variation"]
[ECO "C17"]
[NIC "FR.10"]
[Time "18:29:22"]
[PlyCount "39"]
[TimeControl "180+2"]

1. e4 e6 2. d4 d5 3. Nc3 Bb4 4. e5 c5 5. dxc5 Bxc5 6. Be3 Bxe3 7. fxe3 Nc6
8. Nf3 Nge7 9. Bb5 Qc7 10. O-O Bd7 11. Ng5 Nxe5 12. Bxd7+ Qxd7 13. Qe1 h6
14. Nf3 Nxf3+ 15. Rxf3 Ng6 16. Qf2 O-O 17. Rf1 Qe7 18. e4 dxe4 19. Nxe4 Kh7
20. Rxf7 { Black forfeits on time } 1-0

[Event "ICC tourney 2552 (3 2)"]
[Site "Internet Chess Club"]
[Date "2021.05.07"]
[Round "2"]
[White "HONSTEIN, HENRY:K01-30059901"]
[Black "KONDABATHINI, NAMISH:K05-16992657"]
[Result "0-1"]
[ICCResult "White resigns"]
[WhiteElo "1400"]
[BlackElo "1400"]
[Opening "Caro-Kann: advance variation"]
[ECO "B12"]
[NIC "CK.04"]
[Time "18:30:27"]
[PlyCount "48"]
[TimeControl "180+2"]

1. e4 c6 2. d4 d5 3. e5 Bf5 4. Bf4 e6 5. Nf3 c5 6. dxc5 Bxc5 7. Nc3 Qb6 8.
Be3 Bxe3 9. fxe3 Qxe3+ 10. Ne2 Nc6 11. g3 Qxf3 12. Rg1 Nge7 13. Bg2 Qe3 14.
Rf1 O-O 15. Rf3 Qb6 16. Rb3 Qc7 17. Nc3 d4 18. Nb5 Qxe5+ 19. Kd2 Na5 20.
Ra3 Nc4+ 21. Kc1 Nxa3 22. bxa3 Qxb5 23. Qxd4 Rfd8 24. Qh4 Rac8 { White
resigns } 0-1

[Event "ICC tourney 2552 (3 2)"]
[Site "Internet Chess Club"]
[Date "2021.05.07"]
[Round "2"]
[White "YANG, DANIEL:K05-16464806"]
[Black "HARDIKAR, RISHI:K05-17067607"]
[Result "1-0"]
[ICCResult "Black forfeits on time"]
[WhiteElo "1400"]
[BlackElo "1171"]
[Opening "QGD Slav: 3.Nf3"]
[ECO "D11"]
[NIC "SL.01"]
[Time "18:30:27"]
[PlyCount "61"]
[TimeControl "180+2"]

1. d4 d5 2. c4 c6 3. Nf3 Bf5 4. Nc3 Nf6 5. Bg5 h6 6. Bxf6 gxf6 7. cxd5 cxd5
8. Qb3 e6 9. Qxb7 Nd7 10. Nb5 Bb4+ 11. Nd2 Rb8 12. Nc7+ Ke7 13. Qxa7 e5 14.
Nxd5+ Kf8 15. Nxb4 Rxb4 16. Qa3 Qb8 17. e4 Bg6 18. Rc1 Kg7 19. dxe5 fxe5
20. Bd3 Nc5 21. Rxc5 Bh5 22. O-O Rxb2 23. Nc4 Rb4 24. Nxe5 Qb6 25. Rc6 Qb7
26. Ba6 Qb8 27. Nd7 Qd8 28. Qxb4 Qxd7 29. Qc3+ f6 30. Qxf6+ Kh7 31. Re6 {
Black forfeits on time } 1-0

[Event "ICC tourney 2552 (3 2)"]
[Site "Internet Chess Club"]
[Date "2021.05.07"]
[Round "2"]
[White "BUSA, KANAY:K01-30163120"]
[Black "SOMARAM, AKANKSHA:K05-17045572"]
[Result "0-1"]
[ICCResult "White forfeits on time"]
[WhiteElo "1400"]
[BlackElo "1400"]
[Opening "Réti opening"]
[ECO "A06"]
[NIC "QP.09"]
[Time "18:28:53"]
[PlyCount "66"]
[TimeControl "180+2"]

1. Nf3 d5 2. Nc3 Nf6 3. e3 Nc6 4. Bb5 Bg4 5. Bxc6+ bxc6 6. O-O Bxf3 7. Qxf3
e6 8. d4 Bd6 9. g3 O-O 10. h4 h5 11. Na4 Rb8 12. Bd2 Qe7 13. c3 Ne4 14. Be1
g6 15. c4 Rb4 16. Bxb4 Bxb4 17. cxd5 cxd5 18. a3 Nd2 19. Qe2 Nxf1 20. Qxf1
Bd6 21. b4 Qf6 22. Rc1 g5 23. Rc6 Be7 24. Rxc7 gxh4 25. gxh4 Qxh4 26. Rxa7
Kh7 27. Qg2 Rg8 28. Qxg8+ Kxg8 29. Ra8+ Kh7 30. b5 Qg4+ 31. Kh1 Bh4 32. b6
Bxf2 33. Kh2 Qg3+ { White forfeits on time } 0-1

[Event "ICC tourney 2552 (3 2)"]
[Site "Internet Chess Club"]
[Date "2021.05.07"]
[Round "2"]
[White "DORON REPA, HILLEL:K03-16771628"]
[Black "SAHU, ANAY:K05-30166348"]
[Result "1-0"]
[ICCResult "Black checkmated"]
[WhiteElo "1400"]
[BlackElo "1400"]
[Opening "Queen's pawn: Charlick (Englund) gambit"]
[ECO "A40"]
[NIC "QO.17"]
[Time "18:29:18"]
[PlyCount "95"]
[TimeControl "180+2"]

1. d4 e5 2. dxe5 Bb4+ 3. c3 Bc5 4. e3 Nc6 5. Nf3 d6 6. exd6 Bxd6 7. Bb5 Bd7
8. Nbd2 Nf6 9. O-O O-O 10. Bxc6 Bxc6 11. Nd4 Bd5 12. c4 Bc6 13. Nxc6 bxc6
14. Nf3 Re8 15. Nd4 Ne4 16. Nxc6 Qh4 17. g3 Qh3 18. Qf3 Rac8 19. Qg2 Qxg2+
20. Kxg2 Nf6 21. Nxa7 Ra8 22. Nb5 Bc5 23. Nxc7 Rac8 24. Nxe8 Nxe8 25. Bd2
Nd6 26. b3 h6 27. h4 Nf5 28. e4 Ne7 29. b4 Bd4 30. Rac1 g5 31. c5 gxh4 32.
gxh4 Kg7 33. Bc3 Bxc3 34. Rxc3 Rc7 35. a4 Nc8 36. b5 Kf6 37. Rfc1 Na7 38.
b6 Rd7 39. bxa7 Rxa7 40. c6 Rc7 41. a5 Ra7 42. c7 Rxa5 43. c8=Q Ra2 44.
Rc6+ Ke5 45. R1c5+ Kxe4 46. Qe8+ Kd4 47. Qe5+ Kd3 48. Rd6# { Black
checkmated } 1-0

[Event "ICC tourney 2552 (3 2)"]
[Site "Internet Chess Club"]
[Date "2021.05.07"]
[Round "2"]
[White "CHAN, ARTHUR:K05-30015869"]
[Black "HUANG, BRIAN:K01-30136145"]
[Result "1-0"]
[ICCResult "Black forfeits on time"]
[WhiteElo "1400"]
[BlackElo "1400"]
[Opening "QGD: symmetrical (Austrian) defense"]
[ECO "D06"]
[NIC "QP.08"]
[Time "18:29:47"]
[PlyCount "53"]
[TimeControl "180+2"]

1. d4 d5 2. c4 c5 3. dxc5 e6 4. cxd5 exd5 5. Nf3 Bxc5 6. e3 Nf6 7. Bd3 O-O
8. Nc3 Nc6 9. O-O Bg4 10. h3 Bh5 11. g4 Bg6 12. Bxg6 hxg6 13. Kh2 Qd6+ 14.
Kg2 Rfe8 15. Ng5 Re5 16. f4 Re7 17. Qf3 a6 18. Bd2 d4 19. exd4 Qxd4 20.
Rad1 Nd7 21. Be1 Qe3 22. Rd3 Qxf3+ 23. Rfxf3 f6 24. Nge4 f5 25. Nxc5 Nxc5
26. Rd1 fxg4 27. hxg4 { Black forfeits on time } 1-0

[Event "ICC tourney 2552 (3 2)"]
[Site "Internet Chess Club"]
[Date "2021.05.07"]
[Round "2"]
[White "LAKSHMANAN, KARTHIK:K05-17329162"]
[Black "SKELCHER, OLIVER:K03-16721997"]
[Result "1-0"]
[ICCResult "Black checkmated"]
[WhiteElo "1400"]
[BlackElo "1400"]
[Opening "Scandinavian defense"]
[ECO "B01"]
[NIC "SD.03"]
[Time "18:30:05"]
[PlyCount "111"]
[TimeControl "180+2"]

1. e4 d5 2. exd5 Nf6 3. Nc3 Nxd5 4. Nxd5 Qxd5 5. Nf3 Nc6 6. Bd3 Bg4 7. Be2
O-O-O 8. O-O e6 9. c4 Qh5 10. d3 Bd6 11. h3 Bxf3 12. Bxf3 Qe5 13. g3 h5 14.
h4 f5 15. Qd2 g5 16. hxg5 h4 17. Qc3 h3 18. Qxe5 Bxe5 19. Kh2 Nd4 20. Bh1
Ne2 21. Re1 Nxc1 22. Raxc1 Bxb2 23. Rb1 Bc3 24. Re2 Rxd3 25. Rxe6 Kd7 26.
Re3 Rxe3 27. fxe3 Ke6 28. Rxb7 Ke5 29. Rxc7 Bd2 30. Re7+ Kd6 31. Rxa7 Bxe3
32. Ra6+ Kc5 33. Bd5 Bxg5 34. Rc6+ Kd4 35. a4 f4 36. gxf4 Bxf4+ 37. Kh1 h2
38. a5 Rg8 39. Bg2 Ke3 40. Re6+ Kf2 41. Rf6 Rxg2 42. Rxf4+ Kg3 43. Rg4+
Kxg4 44. Kxg2 Kf5 45. a6 Ke4 46. a7 Kd4 47. a8=Q Kxc4 48. Qd8 Kc3 49. Kxh2
Kc2 50. Qd4 Kc1 51. Qf2 Kd1 52. Kg3 Kc1 53. Kf3 Kd1 54. Ke3 Kc1 55. Qa2 Kd1
56. Qd2# { Black checkmated } 1-0

[Event "ICC tourney 2552 (3 2)"]
[Site "Internet Chess Club"]
[Date "2021.05.07"]
[Round "2"]
[White "LIU, BOWEN:K03-30158629"]
[Black "BASU ACHARYA, VEDANT:K01-30028824"]
[Result "0-1"]
[ICCResult "White forfeits on time"]
[WhiteElo "1400"]
[BlackElo "1400"]
[Opening "Giuoco Piano: four knights variation"]
[ECO "C55"]
[NIC "IG.01"]
[Time "18:29:33"]
[PlyCount "42"]
[TimeControl "180+2"]

1. e4 e5 2. Nf3 Nc6 3. Bc4 Nf6 4. Nc3 Bc5 5. O-O O-O 6. d3 h6 7. Be3 Bb6 8.
Bxb6 axb6 9. Qd2 d6 10. Rad1 Bg4 11. h3 Bh5 12. d4 Bxf3 13. gxf3 exd4 14.
Nd5 Nxd5 15. exd5 Ne5 16. Qe2 Re8 17. Rxd4 Nc6 18. Re4 Ne5 19. Re1 Ra4 20.
Bb5 Rxe4 21. Qxe4 Nxf3+ { White forfeits on time } 0-1

[Event "ICC tourney 2552 (3 2)"]
[Site "Internet Chess Club"]
[Date "2021.05.07"]
[Round "2"]
[White "POLICELLI, CYRUS:K05-16341942"]
[Black "DEVARAJ, SHREYA:K05-16369648"]
[Result "0-1"]
[ICCResult "White checkmated"]
[WhiteElo "1261"]
[BlackElo "1400"]
[Opening "Giuoco Pianissimo"]
[ECO "C50"]
[NIC "IG.02"]
[Time "18:30:07"]
[PlyCount "118"]
[TimeControl "180+2"]

1. e4 e5 2. Nf3 Nc6 3. Bc4 Bc5 4. d3 Nf6 5. Bg5 Be7 6. O-O O-O 7. Nc3 d6 8.
Nd5 Nxd5 9. Bxe7 Ndxe7 10. Re1 Ng6 11. d4 exd4 12. Nxd4 Nxd4 13. Qxd4 Be6
14. Bxe6 fxe6 15. Re3 e5 16. Qd5+ Kh8 17. Rh3 Rb8 18. Re1 Qf6 19. Rf3 Nf4
20. Qb3 Qf7 21. Qe3 Qg6 22. Rg3 Qh6 23. Qxa7 Qe6 24. Qa5 Qc4 25. Rge3 Qxc2
26. Qc3 Qxc3 27. Rxc3 Rbc8 28. Rb3 b6 29. g3 Nh3+ 30. Kg2 Nxf2 31. Rf1 Nxe4
32. Rxf8+ Rxf8 33. Re3 Nc5 34. Rf3 Rxf3 35. Kxf3 Kg8 36. Ke3 Kf7 37. Kd2
Ke6 38. Kc3 Kd5 39. a3 Ke4 40. Kb4 Kd4 41. Kb5 e4 42. Kc6 e3 43. Kxc7 e2
44. Kxb6 e1=Q 45. b4 Qe8 46. bxc5 dxc5 47. a4 Qb8+ 48. Kc6 Qd8 49. a5 c4
50. a6 Qa8+ 51. Kb6 c3 52. a7 c2 53. g4 c1=Q 54. g5 Qb1+ 55. Ka6 Qc6+ 56.
Ka5 Qa1+ 57. Kb4 Qb1+ 58. Ka5 Qc3+ 59. Ka4 Qca1# { White checkmated } 0-1

[Event "ICC tourney 2552 (3 2)"]
[Site "Internet Chess Club"]
[Date "2021.05.07"]
[Round "2"]
[White "LAM, IAN:K03-30093375"]
[Black "CHALLA, ANAND:K03-30045058"]
[Result "0-1"]
[ICCResult "White forfeits on time"]
[WhiteElo "1124"]
[BlackElo "1400"]
[Opening "Giuoco Piano: four knights variation"]
[ECO "C50"]
[NIC "IG.02"]
[Time "18:29:47"]
[PlyCount "32"]
[TimeControl "180+2"]

1. e4 e5 2. Nf3 Nc6 3. Bc4 Bc5 4. Nc3 Nf6 5. Ng5 O-O 6. d3 d6 7. Bd2 b6 8.
Nd5 Nxd5 9. Bxd5 Bb7 10. Qh5 h6 11. Nf3 Rb8 12. O-O Qd7 13. Nh4 Ne7 14. Bc4
b5 15. Bb3 Qc6 16. Qe2 Rbd8 { White forfeits on time } 0-1

[Event "ICC tourney 2552 (3 2)"]
[Site "Internet Chess Club"]
[Date "2021.05.07"]
[Round "2"]
[White "STAMOS, NICOLAS:K01-30168054"]
[Black "KAGGUNDI RAVISHA, MANASWINI:K05-30132763"]
[Result "0-1"]
[ICCResult "White checkmated"]
[WhiteElo "1400"]
[BlackElo "1400"]
[Opening "Queen's pawn, Mason variation"]
[ECO "D00"]
[NIC "QP.08"]
[Time "18:29:36"]
[PlyCount "60"]
[TimeControl "180+2"]

1. d4 d5 2. Bf4 Nc6 3. c3 Bf5 4. b4 a6 5. e3 e6 6. g4 Bg6 7. b5 axb5 8.
Bxb5 Bd6 9. h4 Bxf4 10. h5 Be4 11. exf4 Nf6 12. g5 Nd7 13. f3 Bf5 14. Bd3
Bxd3 15. Qxd3 O-O 16. g6 fxg6 17. hxg6 Rxf4 18. gxh7+ Kh8 19. Qe3 Rh4 20.
Nh3 Rxh7 21. Qxe6 Qh4+ 22. Kf1 Nf6 23. Qe7 Nxe7 24. Na3 Rxa3 25. Kg1 Rxc3
26. Nf2 Qg3+ 27. Kf1 Rxh1+ 28. Nxh1 Rxf3+ 29. Ke2 Qg2+ 30. Kd1 Rf1# { White
checkmated } 0-1

[Event "ICC tourney 2552 (3 2)"]
[Site "Internet Chess Club"]
[Date "2021.05.07"]
[Round "2"]
[White "ALBERT, HELEN:K05-30150616"]
[Black "SAMBATH, VAISHNAV:K01-30162350"]
[Result "0-1"]
[ICCResult "White forfeits on time"]
[WhiteElo "1400"]
[BlackElo "1400"]
[Opening "Giuoco Piano: four knights variation"]
[ECO "C47"]
[NIC "KP.06"]
[Time "18:29:14"]
[PlyCount "54"]
[TimeControl "180+2"]

1. e4 e5 2. Nf3 Nc6 3. Nc3 Nf6 4. Bc4 Bc5 5. Ng5 O-O 6. d3 h6 7. Nf3 d6 8.
Be3 Bb6 9. O-O Bg4 10. Nd5 Nd4 11. Bxd4 Bxd4 12. c3 Bb6 13. d4 exd4 14.
cxd4 Nxe4 15. Qe2 Re8 16. Rfe1 Bxd4 17. Qd3 Bb6 18. Rxe4 Rxe4 19. Qxe4 Qd7
20. Re1 Be6 21. Nxb6 axb6 22. Bxe6 fxe6 23. a3 Re8 24. Nd4 e5 25. Nf3 Re7
26. Qxb7 Kh7 27. Qe4+ Kg8 { White forfeits on time } 0-1

[Event "ICC tourney 2552 (3 2)"]
[Site "Internet Chess Club"]
[Date "2021.05.07"]
[Round "2"]
[White "ILYASOV, AHMED:K03-30131511"]
[Black "MANTRI, SIDHARTH:K05-16467263"]
[Result "1-0"]
[ICCResult "Black forfeits on time"]
[WhiteElo "1157"]
[BlackElo "1400"]
[Opening "Danish gambit"]
[ECO "C21"]
[NIC "KP.04"]
[Time "18:29:47"]
[PlyCount "45"]
[TimeControl "180+2"]

1. e4 e5 2. d4 exd4 3. c3 dxc3 4. Bc4 Nf6 5. Nxc3 Nc6 6. Nf3 Bc5 7. e5 Ng4
8. Bxf7+ Kxf7 9. Ng5+ Ke8 10. Qxg4 d6 11. Qc4 Nxe5 12. Qe2 Bg4 13. f3 Bf5
14. Bf4 Bd3 15. Qd2 h6 16. Ne6 Qh4+ 17. Bg3 Qf6 18. Nxc7+ Kd8 19. N3d5 Qg5
20. Ne6+ Kd7 21. Nxg5 hxg5 22. Qxg5 Bb4+ 23. Kd1 { Black forfeits on time }
1-0

[Event "ICC tourney 2552 (3 2)"]
[Site "Internet Chess Club"]
[Date "2021.05.07"]
[Round "2"]
[White "KRISHNA JAYAKRISHNAN, CHETHAN:K05-16682197"]
[Black "LIN, HUGH:K03-30027561"]
[Result "1-0"]
[ICCResult "Black checkmated"]
[WhiteElo "1248"]
[BlackElo "1400"]
[Opening "Scandinavian defense"]
[ECO "B01"]
[NIC "SD.03"]
[Time "18:30:27"]
[PlyCount "47"]
[TimeControl "180+2"]

1. e4 d5 2. exd5 Nf6 3. Nc3 e5 4. dxe6 fxe6 5. Nf3 c5 6. Bc4 a6 7. O-O b5
8. Bd3 c4 9. Be2 b4 10. Na4 Bd7 11. b3 c3 12. dxc3 bxc3 13. Nxc3 e5 14.
Nxe5 Ke7 15. Nd5+ Kd6 16. Nb4+ Kxe5 17. Bb2+ Ke6 18. Bc4+ Ke7 19. Re1+ Be6
20. Rxe6+ Kf7 21. Qxd8 Be7 22. Qxe7+ Kg8 23. Rc6+ Nd5 24. Bxd5# { Black
checkmated } 1-0

[Event "ICC tourney 2552 (3 2)"]
[Site "Internet Chess Club"]
[Date "2021.05.07"]
[Round "2"]
[White "PATANKAR, VIJAY:K06-16438548"]
[Black "SU, ALLEN:K03-30149550"]
[Result "0-1"]
[ICCResult "White checkmated"]
[WhiteElo "1400"]
[BlackElo "1400"]
[Opening "Réti: King's Indian attack (Barcza system)"]
[ECO "A07"]
[NIC "QP.09"]
[Time "18:29:20"]
[PlyCount "94"]
[TimeControl "180+2"]

1. Nf3 d5 2. g3 Nf6 3. Bg2 Bf5 4. O-O Nc6 5. d3 e6 6. c4 d4 7. e3 e5 8.
exd4 exd4 9. Re1+ Be7 10. a3 O-O 11. b4 a6 12. Bb2 b5 13. cxb5 axb5 14.
Nxd4 Nxd4 15. Bxa8 Bg4 16. Qc1 Nb3 17. Qc6 Nxa1 18. Bxa1 Bd7 19. Qg2 Bxb4
20. axb4 Qxa8 21. Qxa8 Rxa8 22. Bxf6 gxf6 23. Re7 Bh3 24. Rxc7 Ra1 25. Rc1
Bf5 26. Rd1 Bxd3 27. Rxd3 Rxb1+ 28. Kg2 Rxb4 29. Rf3 Kg7 30. Rf4 Rxf4 31.
gxf4 b4 32. Kf3 b3 33. f5 b2 34. Ke3 b1=Q 35. Kd2 Qb3 36. f3 Qxf3 37. h3
Qxh3 38. Ke2 Qxf5 39. Ke3 Qg4 40. Kd2 Qf3 41. Kc1 Qe2 42. Kb1 Qd2 43. Ka1
h5 44. Kb1 h4 45. Ka1 h3 46. Kb1 h2 47. Ka1 h1=Q# { White checkmated } 0-1

[Event "ICC tourney 2552 (3 2)"]
[Site "Internet Chess Club"]
[Date "2021.05.07"]
[Round "2"]
[White "COX, OLIVER:K03-30137076"]
[Black "HUAN LIANG, ERIC:K03-30067885"]
[Result "1-0"]
[ICCResult "Black checkmated"]
[WhiteElo "1400"]
[BlackElo "1233"]
[Opening "KGA: Quaade gambit"]
[ECO "C37"]
[NIC "KG.01"]
[Time "18:29:20"]
[PlyCount "77"]
[TimeControl "180+2"]

1. e4 e5 2. f4 exf4 3. Nf3 g5 4. Nc3 g4 5. Ne5 d6 6. Nxg4 Qh4+ 7. Nf2 Bg4
8. Be2 Bxe2 9. Qxe2 Nc6 10. O-O Nd4 11. Qd3 Bg7 12. Nb5 Qe7 13. Nxd4 Bxd4
14. Qxd4 Qe5 15. Qa4+ c6 16. d4 Qb5 17. Qxb5 cxb5 18. Bxf4 Kd7 19. Rad1 Ne7
20. Rfe1 Rhe8 21. e5 d5 22. e6+ fxe6 23. Ng4 Nf5 24. Nf6+ Kd8 25. Nxe8 Kxe8
26. Rxe6+ Kd7 27. Re5 Ne7 28. Rde1 Re8 29. Bg5 a6 30. Rxe7+ Rxe7 31. Rxe7+
Kc6 32. Rxh7 Kd6 33. h4 Ke6 34. h5 Kf5 35. Rg7 Kg4 36. h6 Kh5 37. h7 Kg4
38. h8=Q Kg3 39. Qh4# { Black checkmated } 1-0

[Event "ICC tourney 2552 (3 2)"]
[Site "Internet Chess Club"]
[Date "2021.05.07"]
[Round "2"]
[White "NILES, NOAH:K05-30027195"]
[Black "RAO, ARJUN:K01-30140896"]
[Result "0-1"]
[ICCResult "White checkmated"]
[WhiteElo "1400"]
[BlackElo "1400"]
[Opening "Scotch game"]
[ECO "C45"]
[NIC "SO.05"]
[Time "18:29:07"]
[PlyCount "110"]
[TimeControl "180+2"]

1. e4 e5 2. Nf3 Nc6 3. d4 exd4 4. Nxd4 Bc5 5. Be3 Qf6 6. Bc4 Bxd4 7. Bxd4
Nxd4 8. Nc3 Nh6 9. b3 Ng4 10. Qxg4 d5 11. Bxd5 Bxg4 12. O-O Nxc2 13. Rac1
Qxc3 14. f3 Bh5 15. Rf2 O-O 16. Rfxc2 Qe3+ 17. Kh1 Rfe8 18. Rxc7 Kh8 19.
Rxb7 f5 20. Rbc7 f4 21. Bxa8 Qb6 22. Bd5 Qb8 23. g4 Bg6 24. Be6 Rxe6 25.
Rc8+ Re8 26. Rxb8 Rxb8 27. a4 h6 28. Rc6 Kh7 29. Rc3 Bf7 30. Kg2 Rxb3 31.
Rc7 Be6 32. Rxa7 Ra3 33. Ra8 Bb3 34. a5 Bc4 35. Rc8 Ba6 36. Ra8 Rxa5 37.
Kf2 Ra2+ 38. Ke1 Ra1+ 39. Kd2 Ra2+ 40. Kc3 Rxh2 41. Rxa6 Rh3 42. e5 Rxf3+
43. Kd4 Rf1 44. e6 Kg8 45. Ra7 Kf8 46. e7+ Ke8 47. Rd7 Kxd7 48. Ke5 Kxe7
49. Kf5 f3 50. Kg6 f2 51. Kxg7 Rh1 52. Kh7 f1=Q 53. g5 Qf7+ 54. Kh8 Kf8 55.
g6 Qg7# { White checkmated } 0-1

[Event "ICC tourney 2552 (3 2)"]
[Site "Internet Chess Club"]
[Date "2021.05.07"]
[Round "2"]
[White "DEVARAJ, SIRI:K05-16369654"]
[Black "NITIN PATIL, AARADHYA:K03-17349055"]
[Result "0-1"]
[ICCResult "White forfeits on time"]
[WhiteElo "1400"]
[BlackElo "1253"]
[Opening "Giuoco Piano"]
[ECO "C54"]
[NIC "IG.02"]
[Time "18:29:25"]
[PlyCount "52"]
[TimeControl "180+2"]

1. e4 e5 2. Nf3 Nc6 3. Bc4 Bc5 4. c3 Nf6 5. d4 exd4 6. cxd4 Bb4+ 7. Bd2
Bxd2+ 8. Nbxd2 d6 9. h3 O-O 10. O-O Re8 11. d5 Ne7 12. Qc2 Ng6 13. Bd3 Bd7
14. Rfe1 a6 15. a4 c5 16. Nc4 Bc8 17. b3 Qc7 18. Qc3 Bd7 19. Bc2 b5 20.
axb5 axb5 21. Ncd2 b4 22. Qb2 Bb5 23. Rad1 Qa7 24. Nc4 Bxc4 25. bxc4 Qa2
26. Qb3 Ra3 { White forfeits on time } 0-1